 Dungeon Crawl Stone Soup version 0.29.1-1-gd02db6906a (webtiles) character file.

Game seed: 3306756575160426740

2693 smilodon the Ruffian (level 9, -6/89 HPs)
             Began as a Troll Fighter on Sept 18, 2022.
             Was a Believer of the Shining One.
             Killed by the air
             ... invoked by Gastronok
              (29 damage)
             ... on level 8 of the Dungeon.
             The game lasted 00:10:52 (5476 turns).

smilodon the Ruffian (Troll Fighter)                Turns: 5476, Time: 00:10:53

Health: -6/89      AC:  4    Str: 30    XL:     9   Next: 38%
Magic:  9/9        EV: 10    Int: 10    God:    the Shining One [**....]
Gold:   378        SH:  8    Dex:  9    Spells: 8/8 levels left

rFire   . . .      SeeInvis .     - Unarmed
rCold   . . .      Faith    .   b - +0 kite shield
rNeg    + . .      Spirit   .   a - +0 robe
rPois   .          Reflect  .   (helmet restricted)
rElec   .          Harm     .   (no cloak)
rCorr   .          Rampage  .   (gloves unavailable)
Will    .....                   (boots unavailable)
Stlth   +.........              (no amulet)
HPRegen 1.04/turn               e - +4 ring of slaying
MPRegen 0.11/turn               v - +6 ring of intelligence

@: glowing
A: large, unfitting armour, claws 3, regeneration 1, shaggy fur 1, tough skin 1
a: Renounce Religion, Divine Shield


You were on level 8 of the Dungeon.
You worshipped the Shining One.
The Shining One was pleased with you.
You visited 1 branch of the dungeon, and saw 8 of its levels.

You collected 378 gold pieces.

Inventory:

Hand Weapons
 j - a +0 short sword
 w - a +1 short sword of protection
Armour
 a - a +0 robe (worn)
 b - a +0 kite shield (worn)
Jewellery
 e - a +4 ring of slaying (left claw)
 v - a +6 ring of intelligence (right claw)
Wands
 t - a wand of roots (14)
Scrolls
 d - 2 scrolls of teleportation
 h - 2 scrolls of immolation
 k - a scroll of silence
 l - a scroll of brand weapon
 o - 2 scrolls of vulnerability
 p - a scroll of enchant armour
 r - a scroll of magic mapping
 s - a scroll of blinking {unknown}
 x - a scroll of poison {unknown}
 y - a scroll of amnesia {unknown}
Potions
 c - a potion of might
 f - 4 potions of degeneration
 g - a potion of resistance
 i - 2 potions of curing
 m - 2 potions of lignification {unknown}
 n - 2 potions of magic {unknown}
 q - a potion of haste {unknown}
 u - 3 potions of flight {unknown}
 z - a potion of mutation {unknown}
 A - 2 potions of brilliance {unknown}


   Skills:
 - Level 6.0 Fighting
 - Level 5.6 Dodging
 - Level 6.2 Shields
 + Level 6.4 Unarmed Combat
 * Level 2.5 Invocations


You had 8 spell levels left.
You didn't know any spells.
Your spell library contained the following spells:

 Spells                   Type           Power      Damage    Failure   Level
 Sublimation of Blood     Necr           0%         N/A       77%         2
 Petrify                  Tmut/Erth      0%         N/A       100%        4
 Irradiate                Conj/Tmut      0%         3d11      100%        5


Dungeon Overview and Level Annotations

Branches:
Dungeon (8/15)             Temple (0/1) D:4
   Lair: D:8-11

Altars:
Dithmenos
Kikubaaqudgha
Nemelex Xobeh
Wu Jian
Xom
The Shining One

Annotations:
D:8 Gastronok


Innate Abilities, Weirdness & Mutations

You are too large for most types of armour.
You have claws for hands.
Your natural rate of healing is unusually fast.
You are covered in fur. (AC +1)
You have tough skin. (AC +1)


Message History

There is a stone staircase leading down here.
You climb downwards.
You hear the roar of battle.
There is an entrance to a bailey on this level.
Hurry and find it before the portal closes forever!
Found a lumpy ruby potion.
Found an escape hatch in the ceiling.
There is a stone staircase leading up here.
Okay, then.
A - 2 lumpy ruby potions (gained 1) Gastronok the Ponderous comes into view.
Gastronok gurgles horribly!
You mangle Gastronok!!
Gastronok is lightly wounded.
You claw Gastronok!
Gastronok is moderately wounded.
You claw Gastronok!
Gastronok is moderately wounded.
Gastronok bites you!!
You scratch Gastronok.
Gastronok is moderately wounded.
You claw Gastronok!
Gastronok is heavily wounded.
Gastronok waves his eye-stalks in wide circles.
The air twists around and strikes you!!!
* * * LOW HITPOINT WARNING * * *
You scratch Gastronok.
Gastronok is heavily wounded.
It was a potion of curing.
You feel better.
Gastronok's eyestalks stretch out, then return to normal size.
You scratch Gastronok.
Gastronok is heavily wounded.
You mangle Gastronok!!
Gastronok is severely wounded.
Gastronok bites you!!
* * * LOW HITPOINT WARNING * * *
You scratch Gastronok.
Gastronok is severely wounded.
You feel better.
Gastronok waves his eye-stalks in wide circles.
The air twists around and strikes you!!
You die...

######
....######## #
#.........#
###.#.........#
#.............#
#.....<.......#
#.............##
#.........@....#
#......###w......#
#......# ..#####..
#......#.### #
#......<. #####.#.
.. .#


You could see Gastronok.

Vanquished Creatures
  Grinder (D:6)
  Prince Ribbit (D:6)
  Eustachio (D:4)
  A water moccasin (D:6)
  Edmund (D:5)
  An ice beast (D:5)
  2 sky beasts
  A centaur (D:5)
  2 ogres (D:5)
  2 kobold brigands
  4 bullfrogs (D:6)
  A necrophage (D:4)
  A scorpion (D:6)
  3 killer bees (D:7)
  3 howler monkeys
  A hound (D:4)
  An orc priest (D:4)
  A jelly (D:6)
  Terence (D:2)
  4 iguanas
  Natasha (thrice) (D:4)
  5 orc wizards
  9 adders
  2 shadow imps
  2 white imps
  2 ufetubi (D:6)
  3 worms
  3 dart slugs
  21 orcs
  10 endoplasms
  3 giant cockroaches
  7 goblins
  9 hobgoblins
  6 jackals
  A quokka (D:3)
  7 ball pythons
  4 bats
  5 frilled lizards
  14 kobolds
  5 rats
154 creatures vanquished.

Vanquished Creatures (others)
  An adder (D:4)
  An orc (D:4)
  A giant cockroach (D:4)
  3 plants (D:1)
  4 toadstools (D:1)
10 creatures vanquished.

Grand Total: 164 creatures vanquished

Notes
Turn   | Place    | Note
-------+----------+-------------------------------------------
     0 | D:1      | smilodon the Troll Fighter began the quest for the Orb.
     0 | D:1      | Reached XP level 1. HP: 22/22 MP: 0/0
   116 | D:1      | Reached XP level 2. HP: 26/29 MP: 1/1
   488 | D:1      | Reached XP level 3. HP: 35/36 MP: 2/2
  1267 | D:2      | Reached XP level 4. HP: 45/45 MP: 3/3
  1275 | D:2      | Noticed Terence
  1297 | D:2      | HP: 2/45 [Terence/+0 flail (7)]
  1301 | D:2      | Killed Terence
  1363 | D:2      | Found a faded altar of an unknown god.
  1566 | D:3      | Found a sparkling altar of Nemelex Xobeh.
  1901 | D:3      | Found a shadowy altar of Dithmenos.
  1917 | D:3      | Found a glowing golden altar of the Shining One.
  1924 | D:3      | Became a worshipper of the Shining One
  1948 | D:3      | Found an ornate altar of the Wu Jian Council.
  2316 | D:4      | Reached XP level 5. HP: 42/53 MP: 4/4
  2336 | D:4      | Noticed Eustachio
  2397 | D:4      | Killed Eustachio
  2398 | D:4      | Reached XP level 6. HP: 30/61 MP: 5/5
  2484 | D:4      | Found a staircase to the Ecumenical Temple.
  2504 | D:4      | Identified the +0 pair of boots of Pid Wuzy {rN+ Dex+4}
  2733 | D:4      | Noticed Natasha
  2738 | D:4      | Killed Natasha
  2955 | D:4      | Noticed Natasha
  2964 | D:4      | Killed Natasha
  3002 | D:4      | Noticed Natasha
  3003 | D:4      | Reached * piety under the Shining One
  3005 | D:4      | Found a shimmering altar of Xom.
  3009 | D:4      | Killed Natasha
  3014 | D:4      | Reached XP level 7. HP: 63/68 MP: 6/6
  3349 | D:5      | Entered Level 5 of the Dungeon
  3435 | D:5      | Noticed Edmund
  3445 | D:5      | Killed Edmund
  3640 | D:5      | Found an ancient bone altar of Kikubaaqudgha.
  3724 | D:5      | Reached skill level 5 in Shields
  3827 | D:5      | Reached skill level 5 in Unarmed Combat
  3827 | D:5      | Reached XP level 8. HP: 44/79 MP: 7/7
  4117 | D:6      | Noticed Prince Ribbit
  4128 | D:6      | Killed Prince Ribbit
  4129 | D:6      | Reached skill level 5 in Fighting
  4184 | D:6      | Reached skill level 5 in Dodging
  4257 | D:6      | Noticed Grinder
  4260 | D:6      | Reached ** piety under the Shining One
  4264 | D:6      | Paralysed by Grinder for 4 turns
  4302 | D:6      | Paralysed by Grinder for 2 turns
  4304 | D:6      | Killed Grinder
  4451 | D:6      | Reached XP level 9. HP: 57/88 MP: 8/8
  4520 | D:6      | Reached skill level 1 in Invocations
  5097 | D:7      | Identified the +4 war axe of Defence {vamp, Str+2}
  5464 | D:8      | Noticed Gastronok
  5476 | D:8      | Killed from afar by Gastronok

Illustrated notes

Levels and vault maps discovered:
D:1:      ldierk_walled_garden_2, layout_basic
D:2:      layout_basic, shapermc_ecumenical_altar_mp_highgroup,
          minmay_heptomino_l4, uniq_terence
D:3:      layout_loops_ring, mainiacjoe_overflow_catwalk,
          nzn_wu_jian_council_hall, nicolae_overflow_hidden_temple, tso_altar
D:4:      layout_basic, xom_confusion_cloud, minmay_temple_entry_mist, hex_tiny,
          kennysheep_boxes, uniq_natasha, uniq_eustachio
D:5:      layout_loops_ring, mainiacjoe_overflow_small_starburst, uniq_edmund
D:6:      layout_loops_ring, uniq_prince_ribbit1, uniq_grinder
D:7:      layout_loops_cross, amethyst_killhole
D:8:      layout_rooms, mainiacjoe_overflow_boulevard, evilmike_ruin_ashenzari,
          gammafunk_ghost_abyssal_escape, enter_bailey_5, minmay_misc_feat_rows,
          uniq_grum, uniq_gastronok, uniq_maggie

Skill      XL: |  1  2  3  4  5  6  7  8  9 |
---------------+----------------------------+-----
Shields        | 3 4 5 6 |  6.2
Fighting       | 3 4 5 6 |  6.0
Dodging        | 3 4 5 |  5.6
Unarmed Combat | 3 4 5 6 |  6.4
Invocations    | 2 |  2.5

Action                   |  1- 3 |  4- 6 |  7- 9 || total
-------------------------+-------+-------+-------++-------
Melee: Unarmed           |   126 |   176 |   198 ||   500
  Use: Scroll            |     2 |     2 |     5 ||     9
       Potion            |       |     4 |     2 ||     6
 Stab: Invisible         |       |     2 |       ||     2
Armor: Robe              |    53 |    39 |    29 ||   121
Dodge: Dodged            |    42 |    49 |    57 ||   148
Block: Kite shield       |    46 |    68 |    69 ||   183
